 Dungeon Crawl Stone Soup version 0.29.0 (webtiles) character file.

Game seed: 11155315729643174671

193 brinewave the Stinger (level 5, -1/42 HPs)
             Began as a Naga Venom Mage on Sept 10, 2022.
             Was an Initiate of Vehumet.
             Slain by a gnoll
             ... wielding a +0 whip
             ... led by a gnoll bouda
              (8 damage)
             ... on level 2 of the Dungeon.
             The game lasted 00:12:07 (3079 turns).

brinewave the Stinger (Naga Venom Mage)             Turns: 3079, Time: 00:12:08

Health: -1/42      AC:  5    Str: 15    XL:     5   Next: 72%
Magic:  9/9        EV:  9    Int: 17    God:    Vehumet [......]
Gold:   172        SH:  0    Dex: 11    Spells: 7/10 levels left

rFire   . . .      SeeInvis +   w - +2 whip (flame)
rCold   . . .      Faith    .   (no shield)
rNeg    . . .      Spirit   .   a - +0 robe
rPois   +          Reflect  .   (no helmet)
rElec   .          Harm     .   u - +1 cloak of Damalom {Str+4 Slay+2}
rCorr   .          Rampage  .   j - +0 pair of gloves
Will    .....                   (no barding)
Stlth   ++........              c - amulet of magic regeneration
HPRegen 0.14/turn               (no ring)
MPRegen 0.51/turn               (no ring)

@: very slow
A: AC +1, large, see invisible, deformed body, poison resistance, slowness 2,
spit poison 1, naga tail 1
a: Spit Poison, Renounce Religion


You were on level 2 of the Dungeon.
You worshipped Vehumet.
Vehumet was noncommittal.
You visited 2 branches of the dungeon, and saw 5 of its levels.

You collected 172 gold pieces.

Inventory:

Hand Weapons
 h - a +0 dagger of pain
 w - a +2 whip of flaming (weapon)
Missiles
 q - 5 javelins
Armour
 a - a +0 robe (worn)
 i - the +0 leather armour of Hairiness {rPois Int+3 Dex+4 Stlth+}
   (You found it on level 4 of the Dungeon)

   Int:       It affects your intelligence (+3).
   Dex:       It affects your dexterity (+4).
   rPois:     It protects you from poison.
   Stlth:     It makes you more stealthy.
 j - a +0 pair of gloves (worn)
 p - a +3 leather armour
 u - the +1 cloak of Damalom (worn) {Str+4 Slay+2}
   (You found it on level 3 of the Dungeon)

   Str:       It affects your strength (+4).
   Slay:      It affects your accuracy & damage with ranged weapons and melee
   (+2).
Jewellery
 c - an amulet of magic regeneration (around neck)
Scrolls
 e - a scroll of teleportation {unknown}
 f - a scroll of fear {unknown}
 g - a scroll of enchant weapon {unknown}
 m - a scroll of summoning {unknown}
 n - a scroll of enchant armour {unknown}
 o - a scroll of blinking {unknown}
Potions
 b - a potion of magic
 k - a potion of resistance
 l - a potion of haste
 r - a potion of brilliance {unknown}
 t - 2 potions of mutation
 v - a potion of curing


   Skills:
 - Level 1.5 Dodging
 - Level 3.0 Stealth
 + Level 3.3 Spellcasting
 + Level 3.0 Transmutations
 + Level 1.4 Air Magic
 + Level 5.5 Poison Magic


You had 7 spell levels left.
You knew the following spells:

 Your Spells              Type           Power      Damage    Failure   Level
a - Sting                 Tmut/Pois      68%        1d6       3%          1
b - Poisonous Vapours     Pois/Air       28%        N/A       6%          2

Your spell library contained the following spells:

 Spells                   Type           Power      Damage    Failure   Level
 Ignite Poison            Fire/Tmut/Pois 12%        N/A       16%         3
 Olgreb's Toxic Radiance  Pois           21%        N/A       17%         4
 Static Discharge         Conj/Air       5%         3-4/arc   19%         2
 Mephitic Cloud           Conj/Pois/Air  10%        N/A       21%         3
 Conjure Flame            Conj/Fire      2%         6-21      45%         3
 Dispel Undead            Necr           2%         3d7       86%         4
 Sticky Flame             Conj/Fire      2%         2d3       86%         4


Dungeon Overview and Level Annotations

Branches:
Dungeon (4/15)             Temple (1/1) D:4

Altars:
Hepliaklqana
Vehumet
Zin

Annotations:
D:2 1 runed translucent door, Crazy Yiuf


Innate Abilities, Weirdness & Mutations

Your serpentine skin is tough. (AC +1)
You have supernaturally acute eyesight. (SInv)
Armour fits poorly on your strangely shaped body.
Your system is resistant to poisons. (rPois)
You cover ground very slowly.
You can spit poison.
You have a snake-like lower body.


Message History

The orc shouts!
You hear a shout!
The giant cockroach closely misses you.
A gnoll comes into view. It is wielding a +0 halberd.
There is a stone staircase leading up here.
The giant cockroach barely misses you. The orc hits you but does no damage.
The gnoll hits you with a +0 whip.
You climb upwards.
There is a stone staircase leading down here.
The giant cockroach attacks as you move away!
The giant cockroach completely misses you.
The gnoll hits you with a +0 whip!
The giant cockroach bites you but does no damage.
The orc barely misses you. The giant cockroach closely misses you.
The gnoll closely misses you. The orc hits you with a +0 whip.
The giant cockroach attacks as you move away!
The giant cockroach barely misses you.
The giant cockroach bites you but does no damage.
The orc hits you with a +0 whip. The orc attacks as you move away!
The orc closely misses you. The gnoll attacks as you move away!
The gnoll hits you with a +0 whip!
* * * LOW HITPOINT WARNING * * *
The giant cockroach bites you but does no damage.
The gnoll hits you with a +0 whip.
* * * LOW HITPOINT WARNING * * *
The gnoll barely misses you.
There is a stone staircase leading up here.
The gnoll closely misses you.
You climb upwards.
Level annotation: 1 runed translucent door, Crazy Yiuf
There is a stone staircase leading down here.
You feel better. The gnoll closely misses you.
Aiming: Sting (safe; 3% risk of failure)
Press: ? - help, Q - select action, (/) - cycle Shift-Dir - straight line, f - gnoll
Aim: a gnoll, wielding a +0 whip (77% to hit)
The sting hits the gnoll but does no damage.
The gnoll is poisoned.
The gnoll hits you with a +0 whip.
* * * LOW HITPOINT WARNING * * *
The gnoll hits you with a +0 whip!
You die...

#.# #.# #.###### #.# #.# #)......
######## #.########.# #.######
.......# #..........####.# #
######.# #############...## # #.#
##.....##### #.#
#############.........##
######.###...................#.##
...............g@..###.......#.##
##.###.###.#######.# ##.....##.##
#<# #.# #.# #.# ##....<.... #.#
#.# #)# #.# ##.####.## #.# #.#
#.# #.# #.# #... ### ### ### #.##
#.# #### #..# #.# ♣♣♣♣♣ ##.# #.#
..♣.♣♣♣ ### #.# #.#


You could see a gnoll (poisoned).

Vanquished Creatures
  An orc priest (D:3)
  An iguana (D:4)
  An orc wizard (D:3)
  3 gnolls (D:3)
  2 adders (D:2)
  3 worms (D:2)
  4 orcs
  4 endoplasms
  A giant cockroach (D:3)
  7 goblins
  4 hobgoblins
  3 kobolds
  5 quokkas
  6 ball pythons
  6 bats
  5 frilled lizards
  7 rats
63 creatures vanquished.

Vanquished Creatures (others)
  3 plants (D:4)
3 creatures vanquished.

Grand Total: 66 creatures vanquished

Notes
Turn   | Place    | Note
-------+----------+-------------------------------------------
     0 | D:1      | brinewave the Naga Venom Mage began the quest for the Orb.
     0 | D:1      | Reached XP level 1. HP: 15/15 MP: 3/3
   309 | D:1      | Reached XP level 2. HP: 5/22 MP: 0/5
  1239 | D:2      | Reached XP level 3. HP: 28/28 MP: 6/6
  1656 | D:2      | Reached XP level 4. HP: 36/36 MP: 6/8
  1707 | D:2      | Found a runed translucent door.
  1708 | D:2      | Noticed Crazy Yiuf
  2018 | D:3      | Learned a level 2 spell: Poisonous Vapours
  2131 | D:3      | Identified the +1 cloak of Damalom {Str+4 Slay+2}
  2173 | D:3      | Reached skill level 5 in Poison Magic
  2179 | D:3      | Reached XP level 5. HP: 40/42 MP: 7/9
  2180 | D:3      | Reached skill level 1 in Air Magic
  2641 | D:4      | Identified the +0 leather armour of Hairiness {rPois Int+3
                  | Dex+4 Stlth+}
  2968 | D:4      | Found a staircase to the Ecumenical Temple.
  2983 | Temple   | Entered the Ecumenical Temple
  3003 | Temple   | Became a worshipper of Vehumet
  3079 | D:2      | Slain by a gnoll

Illustrated notes

Levels and vault maps discovered:
D:1:      sevenhm_arrival_forest_fort_small_4, layout_basic
D:2:      layout_loops_ring, grunt_ministairs_3, uniq_crazy_yiuf_cottage
D:3:      layout_rooms, minmay_misc_feat_cross
D:4:      layout_rooms, kennysheep_orc_sif_temple,
          minmay_temple_entry_gardened_gates
Temple:   roderic_octagonal_lattice_temple

Skill      XL: |  1  2  3  4  5 |
---------------+----------------+-----
Transmutations | 2 3 |  3.0
Poison Magic   | 5 |  5.5
Spellcasting   | 3 |  3.3
Air Magic      | 1 |  1.4
Dodging        | |  1.5
Stealth        | |  3.0

Action                   |  1- 3 |  4- 6 || total
-------------------------+-------+-------++-------
Melee: Unarmed           |     3 |       ||     3
       Hand axe          |     2 |       ||     2
       Dagger            |    15 |    14 ||    29
       Punch             |       |     1 ||     1
       Whip              |       |     9 ||     9
 Cast: Sting             |    58 |    52 ||   110
  Use: Scroll            |       |     6 ||     6
       Potion            |       |     3 ||     3
 Stab: Sleeping          |     1 |       ||     1
Armor: Robe              |     4 |    29 ||    33
Dodge: Dodged            |    11 |    48 ||    59
